 Dungeon Crawl Stone Soup version 0.28.0 (webtiles) character file.

Game seed: 4923435377731764657

2028 cbfl8 the Protected (level 9, -5/79 HPs)
             Began as a Minotaur Berserker on Feb 17, 2022.
             Was a Priest of Trog.
             Slain by an orc (18 damage)
             ... on level 6 of the Dungeon.
             The game lasted 00:09:34 (5448 turns).

cbfl8 the Protected (Minotaur Berserker)            Turns: 5448, Time: 00:09:37

Health: -5/79      AC: 16    Str: 25    XL:     9   Next: 3%
Magic:  8/8        EV:  8    Int:  4    God:    Trog [***...]
Gold:   212        SH:  0    Dex: 11    Spells: 8/8 levels left

rFire   . . .      SeeInvis .   B - +2 scythe (flame)
rCold   . . .      Faith    .   (shield currently unavailable)
rNeg    . . .      Spirit   .   y - +0 plate armour
rPois   .          Reflect  .   (helmet restricted)
rElec   .          Harm     .   o - +0 cloak
rCorr   .          Rampage  .   (no gloves)
Will    ++...                   i - +0 pair of boots
Stlth   ..........              (no amulet)
HPRegen 1.23/turn               p - ring of fire
MPRegen 0.11/turn               v - ring of ice

@: lethally poisoned (-5 -> -19), strong-willed, regenerating
A: horns 2, retaliatory headbutt
a: Renounce Religion, Berserk, Trog's Hand


You were on level 6 of the Dungeon.
You worshipped Trog.
Trog was most pleased with you.
You visited 1 branch of the dungeon, and saw 6 of its levels.

You collected 212 gold pieces.

Inventory:

Hand Weapons
 a - a +0 hand axe
 n - a +3 quarterstaff of chaos
 B - a +2 scythe of flaming (weapon)
Armour
 b - a +0 animal skin
 e - a +0 leather armour
 h - a +0 chain mail
 i - a +0 pair of boots (worn)
 o - a +0 cloak (worn)
 y - a +0 plate armour (worn)
Magical Staves
 f - a staff of cold
Jewellery
 p - a ring of fire (left hand)
 v - a ring of ice (right hand)
 A - a ring of protection from cold
Scrolls
 d - 8 scrolls of identify {unknown}
 g - 2 scrolls of teleportation {unknown}
 m - a scroll of fog {unknown}
 q - a scroll of noise {unknown}
 r - a scroll of vulnerability {unknown}
 s - a scroll of blinking {unknown}
 u - a scroll of enchant weapon {unknown}
 w - a scroll of amnesia {unknown}
 z - a scroll of enchant armour {unknown}
Potions
 c - 2 potions of curing {unknown}
 j - 2 potions of flight {unknown}
 k - a potion of haste {unknown}
 l - 2 potions of mutation {unknown}
 t - 2 potions of might {unknown}
 x - a potion of degeneration {unknown}


   Skills:
 + Level 7.3 Fighting
 + Level 5.5 Axes
 + Level 7.7 Staves
 + Level 8.4 Armour
 + Level 3.4 Dodging
 + Level 1.6 Stealth


You had 8 spell levels left.
You didn't know any spells.
Your spell library contained the following spells:

 Spells                   Type           Power      Damage    Failure   Level
 Slow                     Hex            0%         N/A       100%        1
 Confusing Touch          Hex            0%         N/A       100%        3
 Vampiric Draining        Necr           0%         2d6       100%        3


Dungeon Overview and Level Annotations

Branches:
Dungeon (6/15)
 Temple: D:4-7

Altars:
Ashenzari
Cheibriados
Yredelemnul

Portals:
Abyss: D:5

Annotations:
D:5 2 transporters, browni3141's ghost, novice MiBe


Innate Abilities, Weirdness & Mutations

You have a pair of horns on your head.
You reflexively headbutt those who attack you in melee.


Message History

The orc hits you but does no damage.
The orc warrior hits you with a +0 mace.
The orc completely misses you.
The orc wizard hits you but does no damage.
You slash the orc warrior! You burn the orc warrior.
You kill the orc warrior!
Trog accepts your kill.
You feel sick. The orc barely misses you. The orc hits you but does no damage.
You are more poisoned.
The orc wizard hits you but does no damage.
The orc hits you but does no damage. x2
You are more poisoned.
You have reached level 9!
Your experience leads to an increase in your attributes!
Increase (S)trength, (I)ntelligence, or (D)exterity?
You feel stronger. x2
You closely miss the orc.
You feel extremely sick.
The orc wizard hits you but does no damage.
The orc hits you with a +1 hand axe of electrocution.
The orc hits you but does no damage.
The orc hits you with a +1 short sword of venom.
You are more poisoned.
The orc wizard casts a spell.
The orc wizard flickers and vanishes!
Deactivating autopickup; reactivate with Ctrl-A.
The orc hits you but does no damage.
You are electrocuted!
* * * LOW HITPOINT WARNING * * *
The orc hits you but does no damage.
The orc hits you with a +1 short sword of venom.
* * * LOW HITPOINT WARNING * * *
You are more poisoned.
Okay, then.
Your skin crawls.
You feel strong-willed.
* * * LOW HITPOINT WARNING * * *
You feel extremely sick. Something hits you but does no damage.
The orc hits you but does no damage.
You are electrocuted!!
You die...

....#
....#
.!..
...#
##...###
#......#
#o{....#
#@o....#
##o..###
...#
...+
...#
####


You could see 3 orcs.

Vanquished Creatures
  5 yaks
  Sigmund (D:5)
  An orc warrior (D:6)
  A black bear (D:4)
  An ogre (D:5)
  A necrophage (D:5)
  A scorpion (D:5)
  A water moccasin zombie (D:4)
  A water moccasin skeleton (D:4)
  A hound (D:5)
  4 jellies
  An orc priest (D:4)
  Crazy Yiuf (D:2)
  2 bullfrog skeletons (D:5)
  A gnoll shaman (D:4)
  A scorpion zombie (D:5)
  Terence (D:2)
  3 orc wizards
  A howler monkey zombie (D:4)
  7 adders
  5 gnolls (D:4)
  An ufetubus (D:3)
  2 adder zombies (D:4)
  3 worms
  3 dart slugs
  8 orcs
  6 endoplasms
  3 giant cockroaches
  7 goblins
  7 hobgoblins
  3 jackals (D:2)
  3 kobolds
  5 quokkas
  3 ball pythons
  5 bats
  5 frilled lizards
  6 rats
111 creatures vanquished.

Notes
Turn   | Place    | Note
-------+----------+-------------------------------------------
     0 | D:1      | cbfl8 the Minotaur Berserker began the quest for the Orb.
     0 | D:1      | Reached XP level 1. HP: 19/19 MP: 0/0
    99 | D:1      | Found a faded altar of an unknown god.
   384 | D:1      | Reached XP level 2. HP: 27/27 MP: 1/1
  1040 | D:2      | Reached XP level 3. HP: 33/33 MP: 2/2
  1063 | D:2      | Reached ** piety under Trog
  1124 | D:2      | Found a runed translucent door.
  1125 | D:2      | Noticed Crazy Yiuf
  1198 | D:2      | Noticed Terence
  1219 | D:2      | Killed Terence
  1220 | D:2      | Reached skill level 3 in Armour
  1220 | D:2      | Reached XP level 4. HP: 33/41 MP: 3/3
  1722 | D:2      | Killed Crazy Yiuf
  1723 | D:2      | Reached skill level 5 in Axes
  2577 | D:3      | Found a broken altar of Ashenzari.
  2592 | D:3      | Reached XP level 5. HP: 45/47 MP: 4/4
  3050 | D:4      | Noticed a yak
  3051 | D:4      | Noticed a yak
  3051 | D:4      | Noticed a yak
  3056 | D:4      | Noticed a yak
  3063 | D:3      | Killed a yak
  3064 | D:3      | Reached skill level 4 in Armour
  3064 | D:3      | Reached XP level 6. HP: 20/55 MP: 5/5
  3258 | D:4      | Noticed a yak
  3263 | D:3      | Killed a yak
  3264 | D:3      | Reached skill level 5 in Fighting
  3264 | D:3      | Reached skill level 5 in Armour
  3267 | D:3      | Killed a yak
  3268 | D:3      | Reached XP level 7. HP: 61/61 MP: 6/6
  3444 | D:4      | Killed a yak
  3445 | D:4      | Reached skill level 6 in Armour
  3453 | D:4      | Killed a yak
  3588 | D:4      | Found a snail-covered altar of Cheibriados.
  3704 | D:4      | Reached skill level 5 in Staves
  3704 | D:4      | Reached skill level 7 in Armour
  3704 | D:4      | Reached XP level 8. HP: 70/70 MP: 7/7
  3792 | D:4      | Found a basalt altar of Yredelemnul.
  3924 | D:4      | Reached skill level 1 in Stealth
  4432 | D:5      | Entered Level 5 of the Dungeon
  4519 | D:5      | Reached *** piety under Trog
  4563 | D:5      | Found a one-way gate to the infinite horrors of the Abyss.
  4563 | D:5      | Noticed browni3141's ghost (novice MiBe)
  4589 | D:5      | Found a transporter.
  4589 | D:5      | Found a transporter.
  4618 | D:5      | Reached skill level 8 in Armour
  5379 | D:5      | Noticed Sigmund
  5385 | D:5      | Killed Sigmund
  5447 | D:6      | Reached XP level 9. HP: 45/79 MP: 8/8
  5448 | D:6      | Slain by an orc

Illustrated notes

Levels and vault maps discovered:
D:1:      co_arrival_square_in_a_square_in_a_square, layout_basic,
          dreamdust_ecumenical_altar_angels_and_demons
D:2:      layout_rooms, grunt_ministairs_14, uniq_crazy_yiuf_cottage,
          uniq_terence
D:3:      layout_basic, evilmike_ruin_ashenzari
D:4:      layout_layer_cave, mainiacjoe_overflow_catwalk,
          nicolae_yredelemnul_corpse_copse, minmay_misc_feat_x,
          kennysheep_generic_room_15
D:5:      layout_cave_pods, gammafunk_ghost_abyssal_escape,
          minmay_misc_feat_more_columns, uniq_sigmund
D:6:      layout_gridville, xom_confusion_cloud, elyvilon_altar_5,
          lemuel_temple_firewalk_b, uniq_pikel, uniq_menkaure

Skill      XL: |  1  2  3  4  5  6  7  8 |
---------------+-------------------------+-----
Axes           | 4 5 |  5.5
Fighting       | 4 5 7 |  7.3
Armour         | 3 4 5 7 8 |  8.4
Staves         | 2 3 5 7 |  7.7
Dodging        | 3 |  3.4
Stealth        | 1 |  1.6

Action                   |  1- 3 |  4- 6 |  7- 9 || total
-------------------------+-------+-------+-------++-------
Melee: Hand axe          |    71 |    11 |       ||    82
       Headbutt          |    12 |     5 |    23 ||    40
       Quarterstaff      |       |    34 |   137 ||   171
       Punch             |       |     1 |       ||     1
       Scythe            |       |       |     6 ||     6
Invok: Berserk           |     1 |     1 |     2 ||     4
       Trog's Hand       |       |       |     4 ||     4
 Stab: Paralysed         |       |       |     3 ||     3
Armor: Leather armour    |    11 |       |       ||    11
       Animal skin       |     1 |       |       ||     1
       Chain mail        |    62 |    43 |    50 ||   155
       Plate armour      |       |       |    70 ||    70
Dodge: Dodged            |    59 |    35 |    82 ||   176
